 Dungeon Crawl Stone Soup version 0.20.1-1-g8b1a95d (webtiles) character file.

256 slep the Bolt Thrower (level 5, -2/40 HPs)
             Began as a Demonspawn Hunter on Nov 6, 2017.
             Slain by a phantom (5 damage)
             ... on level 4 of the Dungeon.
             The game lasted 00:13:39 (2227 turns).

slep the Bolt Thrower (Demonspawn Hunter)           Turns: 2227, Time: 00:13:40

Health: -2/40      AC:  9    Str: 12    XL:     5   Next: 92%
Magic:  5/5        EV:  6    Int: 12    God:
Gold:   107        SH:  3    Dex: 15    Spells: 4/4 levels left

rFire    . . .     SeeInvis .   a - +1 hand crossbow
rCold    . . .     Gourm    .   (no shield)
rNeg     . . .     Faith    .   s - +0 chain mail
rPois    +         Spirit   .   (no helmet)
rElec    .         Reflect  +   (no cloak)
rCorr    .         Harm     .   (no gloves)
MR       .....                  t - +0 pair of boots
Stlth    ..........             A - +3 amulet of reflection
Regen    0.2/turn               l - ring of poison resistance
MPRegen  0.1/turn               w - ring of stealth

@: no status effects
A: talons 1, spiny 1
a: no special abilities


You were on level 4 of the Dungeon.
You were not hungry.

You visited 1 branch of the dungeon, and saw 4 of its levels.

You collected 107 gold pieces.

Inventory:

Hand Weapons
 a - a +1 hand crossbow (weapon)
 b - a +2 short sword of electrocution
 n - a +0 short sword
 p - a +2 dagger of flaming
Missiles
 d - 6 bolts (quivered)
 h - 15 javelins
 y - 22 arrows
Armour
 c - a +0 leather armour
 s - a +0 chain mail (worn)
 t - a +0 pair of boots (worn)
Jewellery
 l - a ring of poison resistance (left hand)
 w - a ring of stealth (right hand)
 A - a +3 amulet of reflection (around neck)
Scrolls
 e - 3 scrolls of identify
 j - 3 scrolls of remove curse
 m - a scroll of fear
 o - a scroll of magic mapping {unknown}
 q - a scroll of fog {unknown}
 r - 2 scrolls of teleportation
 x - 2 scrolls of enchant armour {unknown}
 C - a scroll of amnesia {unknown}
Potions
 g - a potion of mutation
 i - a potion of agility {unknown}
 k - a potion of might {unknown}
 v - a potion of magic {unknown}
 F - a potion of degeneration {unknown}
Books
 B - a book of Cantrips

   Spells                             Type                      Level
   a - Confusing Touch                Hexes                        1
   b - Animate Skeleton               Necromancy                   1
   c - Summon Small Mammal            Summoning                    1
   d - Apportation                    Translocation                1
 D - a book of Maledictions

   Spells                             Type                      Level
   a - Corona                         Hexes                        1
   b - Ensorcelled Hibernation        Hexes/Ice                    2
   c - Confuse                        Hexes                        3
   d - Tukima's Dance                 Hexes                        3
   e - Dazzling Spray                 Conjuration/Hexes            3
Comestibles
 f - 2 bread rations
 u - 2 meat rations
 z - 6 chunks of flesh
 E - a royal jelly


   Skills:
 + Level 2.9 Fighting
 + Level 5.6 Crossbows
 + Level 0.1 Throwing
 + Level 1.9 Armour
 + Level 2.0 Dodging
 + Level 1.0 Stealth


You had 4 spell levels left.
You didn't know any spells.

Dungeon Overview and Level Annotations

Branches:
Dungeon (4/15)
 Temple: D:4-7

Altars:
Ashenzari
Dithmenos
Zin

Annotations:
D:4 1 runed door


Innate Abilities, Weirdness & Mutations

You have sharp toenails.
You are partially covered in sharp spines.


Message History

Firing (i - inventory. (,) - cycle):
d - 10 bolts (quivered)
Press: ? - help, Shift-Dir - straight line, f/p - phantom
Aim: a phantom (almost destroyed)
You shoot a bolt. The bolt closely misses the phantom.
The phantom hits you but does no damage.
Firing (i - inventory. (,) - cycle):
d - 9 bolts (quivered)
Press: ? - help, Shift-Dir - straight line, f/p - phantom
Aim: a phantom (almost destroyed)
You shoot a bolt. The bolt misses the phantom.
The phantom completely misses you.
Firing (i - inventory. (,) - cycle):
d - 8 bolts (quivered)
Press: ? - help, Shift-Dir - straight line, f/p - phantom
Aim: a phantom (almost destroyed)
You shoot a bolt. The bolt completely misses the phantom.
The phantom is struck by your spines. The phantom barely misses you.
Firing (i - inventory. (,) - cycle):
d - 7 bolts (quivered)
Press: ? - help, Shift-Dir - straight line, f/p - phantom
Aim: a phantom (almost destroyed)
You shoot a bolt. The bolt barely misses the phantom.
The phantom hits you.
You die...

........#. .# #.# #.#.#.#.##
#.. #.# .........# #..# # #
#.## #.#.#.#.#.#.#. .#.#..#
#...
..........##.##.#.#..#######..#
#.#.#.#.#.##.##................
....................# ######.#.
#.#.#.#.#.#.#.....### #.#. #
####..#...@....# #######)#.
#.....W.....###.........
#.##........##........##
###.##....................
...............#.......###
##.(.#.#......##......#
###.._..##...##.##.### #
###.#.###.###.##.# # #...# #.#
#.##.# #


You could see a phantom.

Vanquished Creatures
  A hound (D:4)
  2 orc wizards
  7 gnolls
  4 adders
  2 oozes
  2 worms (D:2)
  4 leopard geckos
  5 orcs
  4 goblins
  7 hobgoblins
  A jackal (D:4)
  A quokka (D:3)
  7 bats
  3 frilled lizards
  6 kobolds
  A quokka skeleton (D:4)
  3 rats
60 creatures vanquished.

Notes
Turn   | Place    | Note
-------+----------+-------------------------------------------
     0 | D:1      | slep the Demonspawn Hunter began the quest for the Orb.
     0 | D:1      | Reached XP level 1. HP: 16/16 MP: 1/1
   247 | D:1      | Reached skill level 4 in Crossbows
   323 | D:1      | Gained mutation: You are partially covered in sharp spines. [demonic ancestry]
   323 | D:1      | Reached XP level 2. HP: 22/22 MP: 2/2
   570 | D:1      | You fall through a shaft!
   573 | D:2      | Reached XP level 3. HP: 20/27 MP: 3/3
   780 | D:2      | Reached XP level 4. HP: 20/34 MP: 4/4
   782 | D:2      | Reached skill level 5 in Crossbows
   864 | D:2      | Found a shattered altar of Ashenzari.
  1330 | D:3      | Reached skill level 1 in Armour
  1336 | D:3      | Reached skill level 1 in Stealth
  1336 | D:3      | Gained mutation: You have sharp toenails. [demonic ancestry]
  1336 | D:3      | Reached XP level 5. HP: 14/39 MP: 5/5
  1963 | D:4      | Found a glowing silver altar of Zin.
  2011 | D:4      | Found a runed door.
  2153 | D:4      | Found a shadowy altar of Dithmenos.
  2176 | D:4      | Noticed a phantom
  2220 | D:4      | HP: 2/40 [phantom (5)]
  2227 | D:4      | Slain by a phantom

Skill      XL: |  1  2  3  4  5 |
---------------+----------------+-----
Crossbows      | 4 5 |  5.6
Armour         | 1 |  1.9
Stealth        | 1 |  1.0
Dodging        | 2 |  2.0
Fighting       | |  2.9
Throwing       | |  0.1

Action                   |  1- 3 |  4- 6 || total
-------------------------+-------+-------++-------
Melee: Short sword       |     8 |    88 ||    96
 Fire: Hand crossbow     |    53 |    21 ||    74
Throw: Javelin           |       |     6 ||     6
  Use: Scroll            |       |     4 ||     4
  Eat: Chunk             |       |     4 ||     4
Armor: Leather armour    |     6 |       ||     6
       Chain mail        |     6 |    47 ||    53
Dodge: Dodged            |    13 |    24 ||    37
Block: Other             |       |     8 ||     8
